 Dungeon Crawl Stone Soup version 0.23.2-33-g5129a83 (webtiles) character file.

Game seed: 686460382916698137

11805 technought the Blocker (level 11, 0/67 HPs)
             Began as a Gargoyle Fighter on Aug 6, 2019.
             Was the Champion of Cheibriados.
             Slain by an orc priest
             ... wielding a +0 club
              (1 damage)
             ... on level 2 of the Orcish Mines.
             The game lasted 00:24:15 (6815 turns).

technought the Blocker (Gargoyle Fighter)           Turns: 6815, Time: 00:24:17

Health: 0/67       AC: 30    Str: 37      XL:     11   Next: 83%
Magic:  0/11       EV: 16    Int: 25 (27) God:    Cheibriados [******]
Gold:   927        SH: 15    Dex: 24      Spells: 10/10 levels left

rFire    . . .     SeeInvis .   B - +7 short sword (vamp)
rCold    . . .     Gourm    .   c - +0 shield
rNeg     + + .     Faith    .   o - +5 ring mail {rPois}
rPois    ∞         Spirit   +   q - +2 helmet
rElec    +         Reflect  .   (no cloak)
rCorr    .         Harm     .   v - +0 pair of gloves
MR       .....     Rnd*Rage +   (no boots)
Stlth    ++........             e - amulet of guardian spirit
HPRegen  0.21/turn              i - ring of positive energy
MPRegen  0.12/turn              n - +2 ring of protection

@: very slow
A: molten scales 1, thin metallic scales 1, berserk 1, clever 1, negative energy
resistance 1, electricity resistance, unbreathing, petrification resistance, rot
immunity, AC +8
a: Bend Time, Temporal Distortion, Slouch, Step From Time, Renounce Religion


You were on level 2 of the Orcish Mines.
You worshipped Cheibriados.
Cheibriados was exalted by your worship.
You were not hungry.

You visited 3 branches of the dungeon, and saw 12 of its levels.
You also visited: Ossuary.

You collected 927 gold pieces.

Inventory:

Hand Weapons
 B - a +7 vampiric short sword (weapon)
Armour
 c - a +0 shield (worn)
 o - a +5 ring mail of poison resistance (worn)
 q - a +2 helmet (worn)
 t - a +2 leather armour of cold resistance
 v - a +0 pair of gloves (worn)
Magical Staves
 d - an uncursed staff of energy
Jewellery
 e - an amulet of guardian spirit (around neck)
 i - a ring of positive energy (left hand)
 n - a +2 ring of protection (right hand)
 w - an uncursed ring of see invisible
 y - an uncursed ring of positive energy
Wands
 a - a wand of iceblast (11)
 g - a wand of enslavement (9)
 u - a wand of flame (11)
 D - a wand of polymorph (5)
Scrolls
 b - a scroll of magic mapping
 h - a scroll of blinking
 k - 6 scrolls of teleportation
 l - 5 scrolls of remove curse
 p - a scroll of identify
 A - a scroll of amnesia
Potions
 j - 3 potions of agility
 m - a potion of curing
 s - a potion of flight
 x - a potion of mutation
Comestibles
 f - 13 rations


   Skills:
 + Level 7.4 Fighting
 + Level 10.0 Short Blades
 + Level 6.8 Armour
 + Level 6.0 Dodging
 + Level 2.8 Stealth
 + Level 11.3 Shields
 + Level 1.0 Invocations
 + Level 0.2 Evocations


You had 10 spell levels left.
You didn't know any spells.
Your spell library contained the following spells:

 Spells                   Type           Power        Failure   Level  Hunger
 Animate Skeleton         Necr           N/A          28%         1    ##.....
 Apportation              Tloc           #.....       28%         1    ##.....
 Confusing Touch          Hex            #.....       28%         1    ##.....
 Summon Small Mammal      Summ           #...         28%         1    ##.....


Dungeon Overview and Level Annotations

Branches:
Dungeon (9/15)             Temple (1/1) D:6             Orc (2/2) D:9
    Elf (0/3) Orc:2
   Lair: D:8-11

Altars:
Ashenzari
Cheibriados
Dithmenos
Elyvilon
Fedhas
Gozag
Hepliaklqana
Kikubaaqudgha
Makhleb
Nemelex Xobeh
Okawaru
Qazlal
Ru
Trog
Uskayaw
Vehumet
Wu Jian
Xom
Zin
The Shining One

Annotations:
D:3 2 runed translucent doors, Archenon's ghost, amateur DEWz


Innate Abilities, Weirdness & Mutations

You are resistant to torment.
Your stone body is resilient. (AC +8)
You are immune to poison.
You resist negative energy. (rN+)
You are resistant to electric shocks. (rElec)
You can survive without breathing.
You are immune to petrification.
You are immune to rotting.
You are partially covered in molten scales. (AC +2)
You are partially covered in thin metallic scales. (AC +2)
You tend to lose your temper in combat.
Your mind is acute. (Int +2)


Message History

Beogh smites you!
* * * LOW HITPOINT WARNING * * *
You feel better.
The orc priest hits you but does no damage.
You block the orc wizard's attack. You block the orc priest's attack.
The orc priest closely misses you.
The orc priest calls down the wrath of Beogh upon you.
Beogh smites you!
* * * LOW HITPOINT WARNING * * *
You feel better. The orc priest misses you.
The orc priest casts a cantrip, but nothing happens.
The orc wizard completely misses you. You block the orc high priest's attack.
The orc priest barely misses you. You block the orc priest's attack.
The orc wizard gestures wildly while chanting.
The orc wizard blinks!
The orc priest mumbles some strange prayers to Beogh against you.
Beogh smites you!
* * * LOW HITPOINT WARNING * * *
The orc priest hits you with a +0 club.
You die...

### ##.## ####<..##
##.##.@oo##
##o....oo..#######
###......o.o........
##.#......)§.o.......
#
#.....######ooo######
### #....## .oo......
..#####...##
.oo.o...o...
...#.#....#
..o.o#####.....
......#...# ..oo.
.....


You could see 2 orc high priests, 3 orc warriors, 6 orc priests and 3 orc
wizards.

Vanquished Creatures
  An ogre mage (Orc:2)
  5 two-headed ogres
  2 orc high priests (Orc:2)
  2 orc knights (Orc:2)
  Psyche (D:9)
  Edmund (D:4)
  Menkaure (D:6)
  2 wargs (Orc:2)
  14 orc warriors
  3 black bears
  3 ice beasts
  7 ogres
  A phantom (D:4)
  3 centaurs
  A crocodile (D:8)
  Blork the orc (D:4)
  A big kobold (D:8)
  3 bullfrogs
  A scorpion (D:9)
  2 howler monkeys (D:7)
  4 crimson imps
  A centaur zombie (D:7)
  A bullfrog zombie (D:9)
  13 orc priests
  5 hounds
  A bullfrog skeleton (D:5)
  2 jellies
  19 orc wizards
  A centaur skeleton (D:7)
  2 iguanas
  4 worker ants
  6 big kobold zombies (Ossuary)
  A mummy (Ossuary)
  Robin (D:4)
  4 gnolls (D:4)
  6 adders
  A shadow imp (D:5)
  An ooze (D:3)
  An adder zombie (D:5)
  An adder skeleton (D:4)
  A worm (D:5)
  2 dart slugs (D:1)
  4 leopard geckos
  57 orcs
  A spectral bat (Ossuary)
  8 bats
  6 giant cockroaches
  6 gnoll zombies (Ossuary)
  17 goblins
  15 hobgoblins
  5 jackals
  13 kobolds
  3 quokkas
  2 ball pythons
  3 bat simulacra (Ossuary)
  8 frilled lizards
  6 goblin simulacra (Ossuary)
  4 goblin zombies (Ossuary)
  7 hobgoblin zombies (Ossuary)
  4 kobold simulacra (Ossuary)
  5 kobold zombies (Ossuary)
  2 orc zombies (Ossuary)
  7 rats
  3 rat simulacra (Ossuary)
  3 spectral goblins (Ossuary)
  4 spectral kobolds (Ossuary)
  A spectral rat (Ossuary)
327 creatures vanquished.

Vanquished Creatures (others)
  An orc (Orc:2)
1 creature vanquished.

Grand Total: 328 creatures vanquished

Notes
Turn   | Place    | Note
-------+----------+-------------------------------------------
     0 | D:1      | technought the Gargoyle Fighter began the quest for the
                  | Orb.
     0 | D:1      | Reached XP level 1. HP: 14/14 MP: 1/1
    29 | D:1      | Reached XP level 2. HP: 11/19 MP: 2/2
   215 | D:1      | Reached XP level 3. HP: 21/23 MP: 3/3
   682 | D:2      | Reached XP level 4. HP: 26/29 MP: 4/4
   911 | D:2      | Found a glowing silver altar of Zin.
  1066 | D:2      | Found a snail-covered altar of Cheibriados.
  1079 | D:2      | Became a worshipper of Cheibriados the Contemplative
  1162 | D:3      | Found a sacrificial altar of Ru.
  1364 | D:3      | Reached * piety under Cheibriados
  1409 | D:3      | Reached XP level 5. HP: 20/33 MP: 5/5
  1441 | D:3      | Found a burning altar of Makhleb.
  1442 | D:3      | Found a radiant altar of Vehumet.
  1457 | D:3      | Found an iron altar of Okawaru.
  1470 | D:3      | Reached skill level 4 in Shields
  1693 | D:3      | Found a large runed translucent door.
  1693 | D:3      | Found a large runed translucent door.
  1694 | D:3      | Noticed Archenon's ghost (amateur DEWz)
  1936 | D:4      | Noticed Blork the orc
  1949 | D:4      | Killed Blork the orc
  1949 | D:4      | Reached skill level 1 in Dodging
  1949 | D:4      | Reached XP level 6. HP: 26/38 MP: 3/6
  2059 | D:4      | Noticed Robin
  2062 | D:4      | Noticed Edmund
  2071 | D:4      | Reached ** piety under Cheibriados
  2088 | D:4      | Killed Robin
  2120 | D:4      | Killed Edmund
  2120 | D:4      | Reached skill level 5 in Shields
  2120 | D:4      | Reached XP level 7. HP: 20/43 MP: 4/7
  2234 | D:4      | Found an opulent altar of Gozag.
  2445 | D:4      | Found a shattered altar of Ashenzari.
  2597 | D:5      | Entered Level 5 of the Dungeon
  2890 | D:5      | Reached *** piety under Cheibriados
  2890 | D:5      | Reached skill level 5 in Short Blades
  2890 | D:5      | Reached XP level 8. HP: 33/48 MP: 4/8
  3202 | D:5      | Found a sparkling altar of Nemelex Xobeh.
  3301 | D:6      | Reached skill level 6 in Shields
  3410 | D:6      | Found a staircase to the Ecumenical Temple.
  3480 | D:6      | Noticed Menkaure
  3486 | D:6      | Killed Menkaure
  3486 | D:6      | Reached skill level 5 in Fighting
  3530 | Temple   | Entered the Ecumenical Temple
  3754 | D:6      | Reached skill level 5 in Armour
  4162 | D:7      | Reached **** piety under Cheibriados
  4162 | D:7      | Reached XP level 9. HP: 30/54 MP: 5/9
  4270 | D:7      | Reached skill level 7 in Shields
  4326 | D:7      | Found a stormy altar of Qazlal.
  4326 | D:7      | Found a shadowy altar of Dithmenos.
  4767 | D:8      | Reached ***** piety under Cheibriados
  4873 | D:8      | Found a sand-covered staircase.
  4978 | Ossuary  | Entered an ossuary
  5131 | Ossuary  | Reached skill level 1 in Stealth
  5480 | D:8      | Found a shimmering altar of Xom.
  5481 | D:8      | Found a shimmering altar of Xom.
  5485 | D:8      | Found a shimmering altar of Xom.
  5485 | D:8      | Found a shimmering altar of Xom.
  5487 | D:8      | Found a shimmering altar of Xom.
  5487 | D:8      | Found a shimmering altar of Xom.
  5634 | D:8      | Found an ornate altar of the Wu Jian Council.
  5674 | D:8      | Found a glowing golden altar of the Shining One.
  5924 | D:9      | Reached XP level 10. HP: 60/60 MP: 8/10
  5926 | D:9      | Noticed a two-headed ogre
  5929 | D:9      | Noticed Psyche
  5937 | D:9      | Killed a two-headed ogre
  5937 | D:9      | Reached ****** piety under Cheibriados
  5937 | D:9      | Reached skill level 8 in Shields
  5958 | D:9      | Killed Psyche
  6012 | D:9      | Found a staircase to the Orcish Mines.
  6021 | Orc:1    | Entered Level 1 of the Orcish Mines
  6155 | Orc:2    | Entered Level 2 of the Orcish Mines
  6155 | Orc:2    | Noticed a two-headed ogre
  6157 | Orc:2    | Noticed an ogre mage
  6157 | Orc:2    | Noticed a two-headed ogre
  6157 | Orc:2    | Noticed a two-headed ogre
  6157 | Orc:2    | Noticed a two-headed ogre
  6172 | Orc:2    | Gained mutation: Your mind is acute. (Int +2) [potion of
                  | mutation]
  6172 | Orc:2    | Gained mutation: You are partially covered in thin metallic
                  | scales. (AC +2) [potion of mutation]
  6172 | Orc:2    | Gained mutation: You are partially covered in molten
                  | scales. (AC +2) [potion of mutation]
  6187 | Orc:2    | Killed a two-headed ogre
  6187 | Orc:2    | Reached skill level 9 in Shields
  6196 | Orc:2    | Killed a two-headed ogre
  6202 | Orc:2    | Noticed an orc knight
  6212 | Orc:2    | Killed a two-headed ogre
  6212 | Orc:2    | Reached skill level 5 in Dodging
  6212 | Orc:2    | Reached XP level 11. HP: 38/66 MP: 1/11
  6223 | Orc:2    | Killed a two-headed ogre
  6223 | Orc:2    | Reached skill level 10 in Shields
  6223 | Orc:2    | Reached skill level 1 in Invocations
  6240 | Orc:2    | Killed an orc knight
  6270 | Orc:2    | Killed an ogre mage
  6300 | Orc:2    | Noticed an orc high priest
  6323 | Orc:2    | Killed an orc high priest
  6377 | Orc:2    | Noticed an orc knight
  6414 | Orc:2    | Noticed an orc high priest
  6420 | Orc:2    | Noticed a soul eater
  6439 | Orc:2    | Gained mutation: You tend to lose your temper in combat. [a
                  | neqoxec]
  6466 | Orc:2    | Killed an orc high priest
  6466 | Orc:2    | Reached skill level 11 in Shields
  6604 | Orc:2    | Found a staircase to the Elven Halls.
  6712 | Orc:2    | Killed an orc knight
  6756 | Orc:2    | Reached skill level 10 in Short Blades
  6808 | Orc:2    | Noticed an orc high priest
  6808 | Orc:2    | Noticed an orc high priest
  6815 | Orc:2    | HP: 1/67 [orc priest/divine providence (13)]
  6815 | Orc:2    | Slain by an orc priest

Skill      XL: |  1  2  3  4  5  6  7  8  9 10 11 |
---------------+----------------------------------+-----
Short Blades   | 2 3 4 5 6 8 9 10 | 10.0
Armour         | 4 5 6 |  6.8
Shields        | 4 5 6 7 9 11 | 11.3
Dodging        | 1 2 4 5 6 |  6.0
Fighting       | 4 5 6 7 |  7.4
Stealth        | 1 2 |  2.8
Invocations    | 1 |  1.0
Evocations     | |  0.2

Action                   |  1- 3 |  4- 6 |  7- 9 | 10-12 || total
-------------------------+-------+-------+-------+-------++-------
Melee: Rapier            |   120 |   249 |   407 |       ||   776
       Short sword       |       |       |   157 |   415 ||   572
Invok: Bend Time         |       |     1 |       |     2 ||     3
Evoke: Wand              |       |       |     4 |       ||     4
  Use: Scroll            |     1 |     2 |    21 |       ||    24
       Potion            |       |     4 |     7 |     6 ||    17
 Stab: Sleeping          |       |       |     3 |     1 ||     4
  Eat: Ration            |       |     1 |     3 |     1 ||     5
Armor: Scale mail        |    61 |    69 |       |       ||   130
       Ring mail         |       |    94 |   209 |   223 ||   526
Dodge: Dodged            |    33 |   132 |   194 |   340 ||   699
Block: Shield            |    42 |   199 |   374 |   503 ||  1118
